 Dungeon Crawl Stone Soup version 0.28-a0-178-ga708605c5b (webtiles) character file.

Game seed: 17352887077734291592

1171 Lochraine the Magician (level 8, -1/61 HPs)
             Began as a Djinni Summoner on Aug 17, 2021.
             Was an Initiate of Makhleb.
             Slain by an orc priest (3 damage)
             ... on level 6 of the Dungeon.
             The game lasted 00:24:04 (12277 turns).

Lochraine the Magician (Djinni Summoner)           Turns: 12277, Time: 00:24:05

Health: -1/61      AC:  3    Str:  7    XL:     8   Next: 68%
Gold:   285        EV: 12    Int: 20    God:    Makhleb [......] SH:  0 Dex: 13

rFire   + + .      SeeInvis .   f - +0 short sword (antimagic)
rCold   . . .      Faith    .   (no shield)
rNeg    . . .      Spirit   .   a - +0 robe
rPois   ∞          Reflect  .   b - +0 helmet
rElec   .          Harm     .   (no cloak)
rCorr   .          Rampage  .   (no gloves)
Will    .....                   (boots unavailable)
Stlth   ++........              (no amulet)
HPRegen 0.20/turn               o - ring of protection from cold
MPRegen 0.00/turn               m - ring of wizardry

@: flying, invisible
A: sickness immunity, fire resistance 2, cold vulnerability 1, float, innate
caster, hp casting, extra vitality 1
a: Renounce Religion


You were on level 6 of the Dungeon.
You worshipped Makhleb.
Makhleb was noncommittal.
You visited 2 branches of the dungeon, and saw 9 of its levels.

You collected 355 gold pieces.
You spent 70 gold pieces at shops.

Inventory:

Hand Weapons
 e - a +0 whip
   (You took it off a kobold on level 1 of the Dungeon)
 f - a +0 antimagic short sword (weapon)
   (You took it off an orc on level 4 of the Dungeon)
Armour
 a - a +0 robe (worn)
 b - a +0 helmet (worn)
   (You found it on level 1 of the Dungeon)
 d - a +0 leather armour
   (You found it on level 1 of the Dungeon)
Jewellery
 c - a ring of positive energy
   (You found it on level 1 of the Dungeon)
 m - a ring of wizardry (right hand)
   (You found it on level 3 of the Dungeon)
 o - a ring of protection from cold (left hand)
   (You found it on level 3 of the Dungeon)
Wands
 t - a wand of flame (18)
   (You found it on level 6 of the Dungeon)
 u - a wand of polymorph (8)
   (You took it off an orc priest on level 5 of the Dungeon)
Scrolls
 g - a scroll of summoning {unknown}
 i - a scroll of magic mapping
 k - 4 scrolls of identify {@r1}
 l - a scroll of enchant armour {unknown}
 n - a scroll of acquirement {unknown}
 p - a scroll of brand weapon {unknown}
 r - a scroll of enchant weapon {unknown}
 s - a scroll of silence {unknown}
Potions
 h - a potion of curing {@q1}
 j - 2 potions of haste {@q3}


   Skills:
 + Level 6.0 Fighting
 - Level 2.1 Dodging
 + Level 2.4 Stealth
 + Level 6.2 Spellcasting
 + Level 1.7 Invocations


You had one spell level left.
You knew the following spells:

 Your Spells              Type           Power      Damage    Failure   Level
a - Summon Small Mammal   Summ           100%       N/A       1%          1
b - Call Imp              Summ           31%        N/A       1%          2
c - Call Canine Familiar  Summ           31%        N/A       1%          3
d - Summon Guardian Gole  Hex/Summ       31%        N/A       1%          3
e - Pain                  Necr           100%       1d9       1%          1
f - Blink                 Tloc           N/A        N/A       1%          2
g - Ensorcelled Hibernat  Hex/Ice        62%        N/A       1%          2
z - Summon Lightning Spi  Summ/Air       31%        N/A       3%          4
Your spell library was empty.

Dungeon Overview and Level Annotations

Branches:
Dungeon (8/15)             Temple (1/1) D:4
   Lair: D:8-11

Altars:
Ashenzari
Cheibriados
Dithmenos
Fedhas
Gozag
Hepliaklqana
Kikubaaqudgha
Makhleb
Nemelex Xobeh
Ru
Sif Muna
Trog
Vehumet
Wu Jian
Xom
Yredelemnul
Zin
The Shining One

Shops:
D:4 *

Annotations:
D:8 Prince Ribbit


Innate Abilities, Weirdness & Mutations

You are immune to sickness and miasma.
You are immune to poison.
Your flesh is very heat resistant. (rF++)
You are vulnerable to cold. (rC-)
You float through the air rather than walking.
You learn spells naturally, not from books.
Your magical power is your life essence.
You have superior vitality. (+4 HP)


Message History

Your lightning spire shoots out a bolt of lightning at the orc warrior!
The bolt of electricity hits the orc warrior!
The orc warrior dies!
Makhleb accepts your kill.
You start resting.
Something hits your lightning spire! Something hits your lightning spire.
Your lightning spire disappears in a puff of smoke!
An orc priest is nearby!
The orc priest shouts!
The orc priest mumbles some strange prayers to Beogh against you.
Pain shoots through your body!
* * * LOW HITPOINT WARNING * * *
There is a stone staircase leading up here.
You fly upwards.
There is a stone staircase leading down here.
You start resting.
You fly downwards.
There is a stone staircase leading up here.
An orc priest is nearby!
The orc priest calls down the wrath of Beogh upon you.
Pain shoots through your body!
There is a stone staircase leading down here.
A wight comes into view. It is wielding a +0 battleaxe.
You hit the orc priest.
The orc priest looks satisfied for a moment.
You hit the orc priest but do no damage.
The orc priest hits you with a +0 war axe.
You hit the orc priest but do no damage.
The orc priest hits you with a +0 war axe!
The wight hits you with a +0 battleaxe!
* * * LOW HITPOINT WARNING * * *
Your hound bites the orc priest. x2
Your hound bites the wight but does no damage.
Your hound closely misses the wight.
There is a stone staircase leading up here.
Your hound closely misses the orc priest.
The wight hits you with a +0 battleaxe!
* * * LOW HITPOINT WARNING * * *
The wight hits your hound with a +0 battleaxe.
The orc priest hits you with a +0 war axe!
* * * LOW HITPOINT WARNING * * *
The orc priest closely misses your hound.
You fly upwards.
There is a stone staircase leading down here.
You fade into invisibility!
The wight hits you with a +0 battleaxe!
* * * LOW HITPOINT WARNING * * *
The orc priest hits you with a +0 war axe.
You die...

#............................
###.#.#.#.#.#..........##.....
#...................#........#
#.#.#.#.#.#.#.......##........
#............##...............
#.#.#.#.#.#.##................
#............#...............#
#.#.#.#.#.#.#.)...##..#.....##
#......[....o@........##.....#
###.#.#.#.#.#.z......###.....#
#....................######.#
##.#.#.#<#.#.##...##.##...#..
#............####.#8.8#......
##.#.#.#.#.### #.......)....
########### ###8.8##.....
######.##......
#..............


You could see a wight and an orc priest (wandering).

Vanquished Creatures
  A necrophage (D:6)
  An orc priest (D:5)
  An iguana (D:5)
  An adder (D:4)
  A shadow imp (D:6)
  A dart slug (D:3)
  4 orcs
  5 giant cockroaches
  3 goblins
  3 hobgoblins
  A jackal (D:2)
  2 kobolds
  3 quokkas
  2 ball pythons
  2 bats (D:2)
  A frilled lizard (D:2)
  7 rats
39 creatures vanquished.

Vanquished Creatures (collateral kills)
  3 water moccasins
  An orc warrior (D:7)
  An ice beast (D:7)
  2 sky beasts
  An ogre (D:5)
  2 phantoms
  A bullfrog (D:6)
  A scorpion (D:4)
  Blork the orc (D:6)
  A wight (D:7)
  A centaur zombie (D:7)
  2 hounds
  A bullfrog zombie (D:5)
  A centaur skeleton (D:5)
  3 orc priests
  An iguana (D:4)
  4 orc wizards
  A hound skeleton (D:5)
  7 adders
  A white imp (D:5)
  An adder skeleton (D:4)
  2 worms
  13 orcs
  2 ball pythons
  3 endoplasms
  2 giant cockroaches (D:3)
  4 goblins
  4 hobgoblins
  4 jackals
  A quokka (D:2)
  3 kobolds
  A quokka skeleton (D:4)
76 creatures vanquished.

Vanquished Creatures (others)
  An ice beast (D:5)
  An iguana (D:5)
  An orc wizard (D:5)
  An ufetubus (D:5)
4 creatures vanquished.

Grand Total: 119 creatures vanquished

Notes
Turn   | Place    | Note
-------+----------+-------------------------------------------
     0 | D:1      | Lochraine the Djinni Summoner began the quest for the Orb.
     0 | D:1      | Reached XP level 1. HP: 15/15 MP: 0/0
   841 | D:1      | Reached XP level 2. HP: 15/21 MP: 0/0
  2148 | D:2      | Reached XP level 3. HP: 15/25 MP: 0/0
  2148 | D:2      | Learned a level 1 spell: Pain
  2884 | D:2      | Found a glowing silver altar of Zin.
  3883 | D:3      | Reached XP level 4. HP: 25/31 MP: 0/0
  3959 | D:3      | Reached skill level 1 in Fighting
  4887 | D:3      | Noticed a phantom
  4949 | D:3      | Killed a phantom
  4950 | D:3      | Reached XP level 5. HP: 19/38 MP: 0/0
  4950 | D:3      | Learned a level 2 spell: Blink
  5470 | D:4      | Found a staircase to the Ecumenical Temple.
  5493 | Temple   | Entered the Ecumenical Temple
  5826 | Temple   | Became a worshipper of Makhleb the Destroyer
  6002 | D:4      | Reached XP level 6. HP: 32/45 MP: 0/0
  6628 | D:4      | Found Jauty's General Store.
  6636 | D:4      | Bought a potion of heal wounds for 50 gold pieces
  6636 | D:4      | Bought a scroll of identify for 20 gold pieces
  6789 | D:5      | Entered Level 5 of the Dungeon
  7430 | D:5      | Noticed an ogre
  7446 | D:5      | Killed an ogre
  7447 | D:5      | Reached skill level 5 in Spellcasting
  7546 | D:5      | Found a shadowy altar of Dithmenos.
  7596 | D:5      | Noticed a sky beast
  7921 | D:5      | Killed a sky beast
  7922 | D:5      | Reached XP level 7. HP: 27/52 MP: 0/0
  7922 | D:5      | Learned a level 2 spell: Ensorcelled Hibernation
  8691 | D:5      | Noticed a water moccasin
  8701 | D:5      | Killed a water moccasin
  9586 | D:5      | Found a glowing golden altar of the Shining One.
  9818 | D:5      | Noticed a water moccasin
  9836 | D:5      | Killed a water moccasin
  9837 | D:5      | Reached skill level 5 in Fighting
  9894 | D:6      | Noticed a water moccasin
 10101 | D:6      | Killed a water moccasin
 10102 | D:6      | Reached XP level 8. HP: 41/59 MP: 0/0
 10751 | D:6      | Noticed Blork the orc
 10767 | D:6      | Killed Blork the orc
 10968 | D:6      | Reached skill level 1 in Invocations
 11322 | D:8      | Noticed Prince Ribbit
 12277 | D:6      | HP: 2/61 [wight (10)]
 12277 | D:6      | Slain by an orc priest

Illustrated notes

Levels and vault maps discovered:
D:1:      wheals_arrival_linesprint, layout_basic
D:2:      layout_loops_cross, basic_altar, kennysheep_generic_room_12
D:3:      layout_basic
D:4:      layout_cave_pools, minmay_temple_entry_statues_fountains,
          serial_column_ruins, column_ruins_hut_pillars, column_ruins_hut,
          column_ruins_grid_1, column_ruins_columns_dead_end,
          column_ruins_open_medium, column_ruins_open_tiny, column_ruins_grid_1,
          column_ruins_grid_1, serial_shops, nicolae_shop_trees
D:5:      layout_basic, mainiacjoe_overflow_catch_the_wave,
          serial_bayou_crossing
D:6:      layout_cave_pools, small_statue_intersection, st_stairs_11,
          uniq_blork_the_orc
D:7:      layout_basic, kennysheep_okawaru_gauntlet
D:8:      cheibrodos_two_vegetables, layout_layer_cave,
          due_lair_maze_entry_diamond, special_room [special_room_orc],
          serial_shops, nicolae_shop_waterfront, shop, nicolae_shop_stone, shop,
          kennysheep_kite_vault, uniq_erica, uniq_prince_ribbit1
Temple:   eino_temple_scatter_basement

Skill      XL: |  1  2  3  4  5  6  7  8 |
---------------+-------------------------+-----
Spellcasting   | 4 5 6 |  6.2
Fighting       | 2 4 5 6 |  6.0
Stealth        | 2 |  2.4
Invocations    | 1 |  1.7
Dodging        | |  2.1

Action                   |  1- 3 |  4- 6 |  7- 9 || total
-------------------------+-------+-------+-------++-------
Melee: Whip              |    91 |    66 |       ||   157
       Unarmed           |     9 |       |     3 ||    12
       Short sword       |       |    49 |   149 ||   198
 Cast: Summon Small Mamm |    25 |    29 |     2 ||    56
       Call Imp          |    18 |    28 |     9 ||    55
       Pain              |     3 |       |       ||     3
       Summon Guardian G |       |     8 |    13 ||    21
       Summon Lightning  |       |     4 |     7 ||    11
       Call Canine Famil |       |     3 |    24 ||    27
       Ensorcelled Hiber |       |       |     7 ||     7
  Use: Potion            |       |     2 |     2 ||     4
       Scroll            |       |     2 |     2 ||     4
 Stab: Distracted        |     2 |     3 |     1 ||     6
       Sleeping          |     2 |       |     3 ||     5
Armor: Leather armour    |     3 |       |       ||     3
       Robe              |    33 |    28 |    39 ||   100
Dodge: Dodged            |    92 |    94 |    93 ||   279

Table legend: (Time is in decaauts)
 A = Elapsed time spent in this place.
 B = Non-inter-level travel time spent in this place.
 C = Inter-level travel time spent in this place.
 D = Time resting spent in this place.
 E = Time spent auto-exploring this place.
 F = Levels seen in this place.
 G = Mean time per level.
                   A        B        C        D        E       F      G
               +--------+--------+--------+--------+--------+-----+--------+
         Total |  12318 |  12027 |    291 |   3164 |   7004 |   9 | 1368.7 |
       Dungeon |  11971 |  11730 |    241 |   3164 |   6710 |   8 | 1496.4 |
        Temple |    346 |    296 |     50 |      0 |    294 |   1 |  346.0 |
               +--------+--------+--------+--------+--------+-----+--------+

Top non-repeatable levels by time:
     D:2: 2193 daAuts
     D:5: 2102 daAuts
     D:4: 2044 daAuts
     D:6: 1818 daAuts
     D:1: 1682 daAuts
     D:3: 1553 daAuts
     D:7: 574 daAuts
  Temple: 346 daAuts
     D:8: 1 daAuts
